 Dungeon Crawl Stone Soup version 0.27-a0-1144-g0b7d3b79db (webtiles) character file.

Game seed: 17426087336216285711

50 leviel the Chopper (level 3, 0/31 HPs)
             Began as a Minotaur Fighter on May 10, 2021.
             Succumbed to an adder's poison
             ... on level 2 of the Dungeon.
             The game lasted 00:01:31 (1306 turns).

leviel the Chopper (Minotaur Fighter)               Turns: 1306, Time: 00:01:32

Health: 0/31       AC:  8    Str: 21    XL:     3   Next: 55%
Magic:  2/2        EV:  7    Int:  5    God:
Gold:   69         SH:  9    Dex:  9    Spells: 2/2 levels left

rFire    . . .     SeeInvis .   a - +0 war axe
rCold    . . .     Faith    .   c - +0 kite shield
rNeg     . . .     Spirit   .   b - +0 scale mail
rPois    .         Reflect  .   (helmet restricted)
rElec    .         Harm     .   (no cloak)
rCorr    .         Rampage  .   e - +0 pair of gloves
Will     .....                  (no boots)
Stlth    ..........             (no amulet)
HPRegen  0.10/turn              (no ring)
MPRegen  0.08/turn              (no ring)

@: mighty, lethally poisoned (0 -> -4), hasted, very quick
A: horns 2, retaliatory headbutt
a: no special abilities


You were on level 2 of the Dungeon.
You visited 1 branch of the dungeon, and saw 2 of its levels.

You collected 69 gold pieces.

Inventory:

Hand Weapons
 a - a +0 war axe (weapon)
Armour
 b - a +0 scale mail (worn)
 c - a +0 kite shield (worn)
 e - a +0 pair of gloves (worn)
Scrolls
 f - a scroll of vulnerability {unknown}
 h - a scroll of identify {unknown}
 i - a scroll of amnesia {unknown}


   Skills:
 - Level 3.6 Fighting
 + Level 4.8 Axes
 - Level 3.6 Armour
 - Level 3.6 Shields


You had 2 spell levels left.
You didn't know any spells.
Your spell library was empty.

Dungeon Overview and Level Annotations

Branches:
Dungeon (2/15)

Altars:


Innate Abilities, Weirdness & Mutations

You have a pair of horns on your head.
You reflexively headbutt those who attack you in melee.


Message History

The jackal barks!
You hear an angry hiss.
A giant cockroach comes into view.
You block the gnoll's attack. The gnoll barely misses you.
The adder completely misses you. The gnoll hits you but does no damage.
The giant cockroach moves out of view.
The adder bites you but does no damage. The adder closely misses you.
You block the adder's attack. You block the adder's attack.
You block the adder's attack.
You barely miss the adder. The adder bites you but does no damage.
The gnoll hits you from afar with a +0 halberd!
You block the adder's attack.
A jackal comes into view.
You are too injured to fight recklessly!
You are too injured to fight recklessly!
You are too injured to fight recklessly!
You are too injured to fight recklessly!
You are too injured to fight recklessly!
You are too injured to fight recklessly!
You are too injured to fight recklessly!
You completely miss the adder.
The jackal barks!
The adder bites you.
* * * LOW HITPOINT WARNING * * *
You are poisoned.
The adder poisons you! You block the gnoll's attack.
The adder bites you but does no damage. You block the gnoll's attack.
It was a potion of haste.
You feel yourself speed up.
* * * LOW HITPOINT WARNING * * *
You feel sick. The adder bites you but does no damage.
You block the gnoll's attack. The adder bites you but does no damage.
You feel very mighty all of a sudden.
You feel sick.
You barely miss the adder.
You feel sick. You block the adder's attack.
The gnoll hits you from afar with a +0 halberd.
* * * LOW HITPOINT WARNING * * *
The adder bites you but does no damage.
You closely miss the adder. You headbutt the adder!
You kill the adder!
You die...

...........##.## #.######.##.# #
...........##..# #.# #...##.# #
...........###'####.####.####.###
...........##..........#.........
...........##..........#####.####
...........##..........# #.....
...........##..........# ######
...........####..##.########### #
...........# ##@##.##........# #
...........#####†##..#........###
...............ggh...............
............##.hhg..##........###
....).†.....##.#..#.##........#
#######.....##)#....##........#
#..........##.#..####.........#
#.###......##.#..# #...........
#.# #.........#..# #........##.


You could see 3 gnolls and 3 jackals.

Vanquished Creatures
  An adder (D:2)
  A worm (D:2)
  A dart slug (D:1)
  3 ball pythons (D:1)
  3 bats
  3 endoplasms (D:2)
  4 giant cockroaches (D:1)
  4 goblins (D:1)
  4 hobgoblins (D:1)
  4 jackals (D:1)
  3 kobolds
  2 quokkas
  3 frilled lizards (D:2)
  4 rats
40 creatures vanquished.

Notes
Turn   | Place    | Note
-------+----------+-------------------------------------------
     0 | D:1      | leviel the Minotaur Fighter began the quest for the Orb.
     0 | D:1      | Reached XP level 1. HP: 19/19 MP: 0/0
    29 | D:1      | Found a faded altar of an unknown god.
    80 | D:1      | Reached skill level 3 in Axes
    85 | D:1      | Reached XP level 2. HP: 21/26 MP: 1/1
   337 | D:1      | Reached skill level 4 in Axes
   564 | D:1      | Reached XP level 3. HP: 31/31 MP: 2/2
  1305 | D:2      | HP: 1/31 [gnoll/+0 halberd (5)]
  1306 | D:2      | Succumbed to an adder's poison

Illustrated notes

Levels and vault maps discovered:
D:1:      lemuel_arrival_room, layout_basic, basic_ecumenical_altar
D:2:      layout_basic, basic_altar, serial_forest, infiniplex_forest_end_2,
          infiniplex_forest_lined_4_way, infiniplex_forest_clump_small,
          infiniplex_forest_lined_2, infiniplex_forest_straight_3,
          infiniplex_forest_clump_double, infiniplex_forest_lined_room_2

Skill      XL: |  1  2 |
---------------+-------+-----
Axes           | 3 4 |  4.8
Fighting       | |  3.6
Armour         | |  3.6
Shields        | |  3.6

Action                   || total
-------------------------++-------
Melee: War axe           ||   106
       Headbutt          ||    11
  Use: Potion            ||     2
Armor: Scale mail        ||    69
Dodge: Dodged            ||    37
Block: Kite shield       ||    69

Table legend: (Time is in decaauts)
 A = Elapsed time spent in this place.
 B = Non-inter-level travel time spent in this place.
 C = Inter-level travel time spent in this place.
 D = Time resting spent in this place.
 E = Time spent auto-exploring this place.
 F = Levels seen in this place.
 G = Mean time per level.
                   A        B        C        D        E       F      G
               +--------+--------+--------+--------+--------+-----+--------+
         Total |   1361 |   1313 |     48 |      0 |   1017 |   2 |  680.5 |
       Dungeon |   1361 |   1313 |     48 |      0 |   1017 |   2 |  680.5 |
               +--------+--------+--------+--------+--------+-----+--------+

Top non-repeatable levels by time:
     D:1: 1016 daAuts
     D:2: 345 daAuts
